Map: Dusk Towers

Players

LiquidTLO (TLO)

  • Race: Zerg Zerg
  • League: Grandmaster

MelloW (Nina) - Winner!

  • Race: Protoss Protoss
  • League: Grandmaster

Event: DreamHack ROCCAT LotV Championship

VOD

Have the link to the VOD?

Description

Time

  • Played on: Nov. 27, 2015, 5:53 a.m.
  • Length: 14:48

All games in this series

Show
View Real Time Build Order
Export as new Build Order

LiquidTLO Zerg 

Build Orders: Hatch First 

Get SALT Encoding   

  12  0:01  Drone  
  13  0:12  Overlord  
  13  0:17  Drone  
  14  0:32  Drone x2  
  16  0:50  Hatchery  
  16  0:52  Drone  
  17  0:57  Drone  
  17  1:10  Spawning Pool  
  16  1:13  Drone  
  16  1:16  Drone  
  18  1:37  Hatchery  
  18  1:39  Drone  
  18  1:44  Drone  
  19  1:50  Drone  
  20  1:57  Queen  
  22  2:02  Zergling x2  
  22  2:08  Queen  
  23  2:12  Overlord  
  25  2:16  Drone  
  26  2:24  Drone x2  
  28  2:31  Drone  
  28  2:33  Drone, Queen  
  32  2:37  Drone  
  32  2:44  Queen  
  35  2:52  Queen  
  35  2:55  Drone  
  35  2:57  Drone  
  39  3:00  Drone x2  
  39  3:01  Drone  
  42  3:06  Extractor  
  42  3:07  Extractor  
  42  3:09  Drone x2  
  41  3:17  Zergling x2  
  42  3:23  Overlord  
  42  3:26  Overlord  
  42  3:27  Drone x2, Extractor x2  
  42  3:30  Drone, Extractor  
  42  3:31  Extractor  
  42  3:32  Drone  
  42  3:36  Overlord  
  42  3:41  Evolution Chamber, Overlord  
  45  3:42  Drone x2  
  45  3:45  Drone  
  45  3:46  Drone  
  49  3:49  Drone  
  49  3:50  Drone  
  49  3:52  Drone  
  49  3:55  Drone  
  53  3:57  Drone  
  53  3:58  Drone  
  53  3:59  Drone  
  56  4:06  Zerg Melee Weapons Level 1  
  56  4:08  Drone  
  57  4:11  Drone x4  
  57  4:16  Drone x2  
  57  4:17  Drone x2  
  64  4:19  Drone  
  64  4:20  Drone  
  64  4:23  Zergling x2  
  67  4:27  Drone x2  
  69  4:33  Hatchery  
  69  4:37  Lair  
  68  4:41  Roach Warren, Drone  
  68  4:44  Drone, Extractor x2  
  67  4:47  Drone  
  67  4:48  Drone x2  
  67  4:50  Overlord, Drone  
  67  4:52  Extractor  
  70  4:53  Metabolic Boost  
  70  4:55  Drone  
  70  4:56  Extractor  
  70  4:59  Drone  
  70  5:02  Overlord  
  70  5:03  Overlord  
  70  5:05  Overlord  
  70  5:09  Zergling x2  
  70  5:10  Drone x2  
  70  5:13  Overlord  
  73  5:17  Overlord  
  73  5:21  Roach x5  
  81  5:22  Drone  
  81  5:25  Drone  
  81  5:28  Drone x2  
  87  5:31  Overlord  
  87  5:37  Spire  
  87  5:39  Evolution Chamber  
  87  5:40  Roach x2  
  87  5:41  Roach  
  91  5:43  Overlord  
  91  5:46  Ravager x2  
  91  5:47  Ravager x2  
  91  5:48  Zergling x4  
  91  5:49  Zergling x2  
  98  5:50  Zergling x2  
  98  5:51  Ravager  
  98  5:52  Zergling x2  
  98  5:53  Zergling x2  
  98  5:55  Zergling x2  
  103  5:58  Zergling x2  
  103  5:59  Overlord, Zergling x2  
  103  6:00  Ravager  
  103  6:02  Zergling x4  
  108  6:05  Zergling x2  
  108  6:06  Drone  
  108  6:08  Zergling x8  
  108  6:09  Zergling x2  
  115  6:11  Ravager  
  115  6:12  Ravager  
  115  6:13  Overseer  
  115  6:14  Zergling x4  
  115  6:17  Zergling x4  
  115  6:18  Zergling x2  
  122  6:23  Roach  
  122  6:24  Zergling x2  
  121  6:28  Drone  
  121  6:29  Zergling x4  
  121  6:30  Zergling x2  
  121  6:31  Zergling x4  
  121  6:32  Zergling x2  
  124  6:34  Drone  
  124  6:36  Zerg Melee Weapons Level 2  
  124  6:39  Drone x3  
  126  6:41  Drone  
  126  6:44  Drone  
  126  6:45  Drone, Extractor  
  126  6:46  Extractor  
  127  6:50  Zerg Flyer Weapons Level 1  
  127  6:53  Zerg Ground Armor Level 1  
  127  6:54  Infestation Pit  
  126  6:56  Mutalisk x3  
  126  6:59  Overlord  
  132  7:01  Mutalisk  
  132  7:06  Mutalisk  
  136  7:13  Overlord, Mutalisk  
  138  7:17  Drone  
  138  7:18  Drone x2  
  138  7:20  Spore Crawler  
  138  7:21  Spore Crawler  
  138  7:22  Drone  
  140  7:23  Mutalisk, Spore Crawler  
  140  7:24  Spore Crawler  
  140  7:31  Hive  
  140  7:32  Drone x3  
  140  7:34  Zergling x2  
  140  7:35  Zergling x2  
  140  7:36  Zergling x2  
  143  7:38  Roach  
  143  7:39  Ravager  
  143  7:42  Roach  
  143  7:43  Roach  
  150  7:50  Infestor x2  
  154  7:52  Roach x2  
  154  7:54  Zergling x2  
  154  7:57  Overlord x2  
  155  8:14  Roach  
  155  8:15  Roach x2  
  155  8:16  Roach x4  
  155  8:18  Roach x3  
  155  8:19  Roach x2  
  171  8:20  Roach x2  
  171  8:21  Zergling x2  
  171  8:22  Zergling x2  
  171  8:24  Overlord  
  174  8:36  Roach  
  174  8:37  Overlord, Roach  
  174  8:38  Overlord  
  174  8:47  Zergling x22  
  169  8:49  Zergling x4  
  169  8:52  Zergling x2  
  155  8:58  Adrenal Glands  
  155  9:01  Ultralisk Cavern  
  132  9:06  Ravager x9  
  132  9:07  Zergling x2  
  132  9:08  Zergling x14  
  149  9:10  Zergling x4  
  149  9:14  Drone  
  149  9:16  Zergling x2  
  153  9:22  Zergling x4  
  153  9:23  Hatchery  
  151  9:24  Zergling x2  
  151  9:26  Zergling x8  
  151  9:30  Zergling x4  
  151  9:31  Zergling x4  
  154  9:33  Zergling x2  
  144  9:40  Zergling x6  
  144  9:42  Zergling x6  
  144  9:43  Zergling x2  
  135  9:46  Zergling x6  
  135  9:47  Zergling x2  
  135  9:51  Ravager  
  135  9:52  Ravager x6  
  142  9:55  Chitinous Plating  
  139  10:02  Ultralisk  
  147  10:07  Ultralisk  
  145  10:18  Ultralisk  
  139  10:25  Zergling x2  
  139  10:26  Ultralisk  
  139  10:28  Zergling x6  
  141  10:29  Zergling x2  
  141  10:30  Zergling x4  
  144  10:37  Zergling x6  
  144  10:39  Zergling x4  
  144  10:41  Zergling x2  
  150  10:48  Zergling x2  
  148  10:51  Ultralisk  
  148  10:55  Ultralisk  
  160  11:04  Ultralisk  
  138  11:13  Zergling x16  
  139  11:19  Greater Spire  
  139  11:22  Pathogen Glands  
  139  11:28  Zergling x2  
  139  11:29  Zergling x18  
  143  11:34  Drone  
  143  11:38  Queen  
  143  11:39  Infestor  
  146  11:43  Extractor  
  146  11:45  Extractor  
  146  11:53  Drone x2  
  146  11:54  Corruptor  
  148  12:01  Spore Crawler  
  149  12:02  Corruptor  
  149  12:03  Hatchery, Corruptor  
  149  12:07  Corruptor  
  153  12:12  Drone  
  153  12:13  Infestor  
  156  12:19  Mutalisk, Zergling x4  
  156  12:21  Zergling x2  
  156  12:22  Zergling x4  
  163  12:23  Zergling x2  
  163  12:24  Drone  
  163  12:29  Corruptor  
  165  12:33  Zergling x2  
  165  12:34  Zergling x10  
  165  12:35  Zergling x2  
  167  12:39  Brood Lord  
  167  12:41  Zergling x2  
  168  12:51  Brood Lord  
  168  12:52  Brood Lord x2  
  168  12:57  Drone  
  175  13:04  Overlord  
  175  13:06  Overlord x3  
  175  13:08  Overlord  
  175  13:11  Brood Lord  
  174  13:19  Corruptor  
  174  13:22  Corruptor  
  173  13:28  Corruptor  
  173  13:30  Zergling x2  
  173  13:31  Zergling x2  
  177  13:36  Zergling x8  
  177  13:37  Zergling x2  
  171  13:50  Ultralisk  
  167  13:59  Ultralisk  
  155  14:02  Ultralisk  
  155  14:03  Zergling x2  
  155  14:04  Zergling x2  
  155  14:06  Zergling x2  
  155  14:07  Zergling x2  
  155  14:09  Zergling x4  
  128  14:10  Zergling x4  
  128  14:11  Zergling x2  
  128  14:14  Zergling x2  
  109  14:18  Brood Lord  
Show
View Real Time Build Order
Export as new Build Order

MelloW Protoss - Winner!

Build Orders: Nexus First, Blink Stalkers 

Get SALT Encoding   

  12  0:01  Probe (Chrono Boost)  
  13  0:11  Probe (Chrono Boost)  
  14  0:17  Pylon  
  14  0:22  Probe (Chrono Boost)  
  16  0:35  Probe (Chrono Boost)  
  16  0:46  Probe (Chrono Boost)  
  17  0:57  Probe (Chrono Boost)  
  18  1:02  Nexus  
  18  1:07  Probe (Chrono Boost)  
  19  1:13  Gateway  
  19  1:18  Probe (Chrono Boost)  
  20  1:21  Assimilator  
  20  1:28  Probe (Chrono Boost), Assimilator  
  21  1:36  Pylon  
  21  1:39  Probe (Chrono Boost)  
  22  1:49  Probe (Chrono Boost)  
  23  1:55  Gateway  
  23  2:00  Probe (Chrono Boost)  
  24  2:03  Cybernetics Core  
  24  2:10  Probe (Chrono Boost)  
  26  2:15  Probe (Chrono Boost)  
  26  2:21  Probe (Chrono Boost)  
  27  2:26  Probe (Chrono Boost)  
  28  2:31  Probe (Chrono Boost)  
  28  2:36  Probe (Chrono Boost)  
  30  2:41  Adept (Chrono Boost)  
  30  2:42  Probe (Chrono Boost)  
  30  2:43  Warp Gate  
  35  2:45  Mothership Core  
  35  2:47  Adept (Chrono Boost)  
  37  2:55  Probe  
  37  2:57  Pylon  
  38  3:04  Probe  
  38  3:08  Probe  
  40  3:15  Probe (Chrono Boost)  
  40  3:19  Nexus  
  41  3:20  Probe (Chrono Boost)  
  42  3:27  Probe (Chrono Boost)  
  42  3:28  Twilight Council  
  42  3:31  Probe (Chrono Boost)  
  42  3:33  Pylon  
  44  3:38  Sentry, Probe (Chrono Boost)  
  47  3:42  Probe (Chrono Boost)  
  47  3:43  Gateway  
  49  3:48  Probe (Chrono Boost)  
  49  3:52  Gateway, Probe (Chrono Boost)  
  50  3:58  Probe (Chrono Boost)  
  50  3:59  Blink (Chrono Boost)  
  51  4:03  Probe (Chrono Boost)  
  51  4:08  Robotics Facility  
  52  4:12  Probe  
  52  4:16  Probe  
  52  4:23  Probe  
  52  4:27  Assimilator  
  52  4:28  Gateway, Probe  
  54  4:31  Assimilator  
  54  4:33  Gateway, Probe  
  54  4:36  Probe, Gateway  
  56  4:40  Probe  
  56  4:44  Probe  
  57  4:47  Probe  
  59  4:53  Probe  
  59  4:54  Warp Prism (Chrono Boost)  
  59  4:57  Probe  
  59  4:59  Probe  
  64  5:05  Probe  
  65  5:08  Probe  
  65  5:11  Probe  
  67  5:14  Pylon  
  67  5:17  Stalker x3, Probe, Pylon  
  67  5:20  Pylon  
  74  5:21  Stalker  
  74  5:24  Pylon  
  74  5:27  Pylon  
  74  5:28  Observer (Chrono Boost)  
  77  5:32  Probe  
  77  5:34  Stalker x2  
  82  5:36  Stalker  
  82  5:37  Probe  
  82  5:42  Stalker x2  
  89  5:49  Observer (Chrono Boost)  
  90  5:58  Stalker x4  
  90  5:59  Stalker  
  100  6:07  Pylon  
  100  6:15  Robotics Bay  
  100  6:16  Stalker x2  
  100  6:17  Probe x2  
  106  6:19  Assimilator  
  106  6:20  Assimilator  
  106  6:24  Warp Prism (Chrono Boost)  
  102  6:35  Stalker x3  
  102  6:36  Stalker x2, Probe  
  102  6:39  Probe  
  114  6:42  Stalker  
  114  6:44  Probe  
  115  6:48  Forge  
  115  6:53  Pylon  
  114  7:00  Stalker x2, Resonating Glaives (Chrono Boost), Disruptor (Chrono Boost), Pylon  
  114  7:01  Pylon  
  121  7:09  Adept x2  
  121  7:13  Adept x3  
  131  7:19  Pylon  
  131  7:22  Adept x2  
  135  7:27  Protoss Ground Weapons Level 1 (Chrono Boost)  
  135  7:34  Disruptor  
  135  7:36  Nexus  
  138  7:39  Pylon  
  138  7:41  Adept x2  
  142  7:45  Adept x2  
  146  7:51  Pylon  
  146  7:53  Pylon  
  146  7:54  Adept x2  
  150  8:19  Stalker x6  
  145  8:28  Pylon x2, Photon Cannon  
  145  8:30  Disruptor  
  148  8:37  Stalker  
  142  8:49  Stalker x2  
  142  8:50  Stalker x2  
  140  9:03  Stalker x2  
  140  9:04  Stalker  
  140  9:05  Warp Prism (Chrono Boost)  
  140  9:07  Photon Cannon  
  148  9:13  Photon Cannon  
  148  9:14  Adept x3  
  154  9:20  Stalker  
  156  9:27  Adept x3  
  162  9:43  Nexus  
  162  9:50  Stalker x4  
  162  9:51  Stalker x2  
  173  10:00  Gateway  
  173  10:09  Templar Archives  
  164  10:24  Adept  
  164  10:25  Adept x6  
  164  10:27  Disruptor (Chrono Boost)  
  181  10:41  Protoss Ground Weapons Level 2  
  181  10:44  Adept  
  181  10:45  Adept x3  
  137  11:13  Immortal (Chrono Boost)  
  137  11:14  Stalker  
  137  11:15  Stalker x5  
  137  11:17  Dark Shrine  
  132  11:34  Assimilator  
  132  11:35  Assimilator  
  132  11:39  Robotics Facility  
  131  11:40  Gateway  
  131  11:42  Gateway, High Templar x3  
  131  11:43  High Templar x4  
  131  11:44  Adept  
  131  11:46  Archon x2  
  147  11:47  Archon  
  147  11:59  Pylon  
  147  12:00  Pylon  
  147  12:02  Pylon, Gravitic Drive  
  147  12:08  Adept  
  149  12:11  High Templar  
  151  12:17  Archon  
  151  12:18  Adept x3  
  161  12:24  Immortal (Chrono Boost)  
  160  12:39  Immortal (Chrono Boost)  
  164  12:49  Nexus  
  164  12:50  High Templar x4  
  172  12:54  Archon  
  172  12:55  Stalker x2, Archon  
  172  12:56  Stalker x2  
  180  12:58  Pylon  
  180  13:00  Pylon  
  180  13:04  Immortal (Chrono Boost)  
  184  13:08  Nexus  
  184  13:12  Pylon  
  184  13:14  Immortal (Chrono Boost), Pylon  
  184  13:15  Adept x2  
  192  13:25  Nexus  
  192  13:32  High Templar x4  
  200  13:36  Archon x2  
  192  13:51  Stalker x4  
  179  14:07  Stalker x5  
  149  14:29  High Templar x2  
  149  14:30  High Templar x2  
  157  14:33  Stalker  
  157  14:34  Archon x2  
  157  14:35  Nexus  
  157  14:36  Pylon  
  159  14:42  Stalker x2  

Tags
 
Add a new tag
Caveats
  • Supply blocks, unpowered buildings, or Contaminate may cause inaccurate times.
  • Supply counts are checked every 10 seconds.